Map: [TLMC15] Hardwire

Players

Trap - Winner!

  • Race: Protoss Protoss

Serral

  • Race: Zerg Zerg

Event: StayAtHome Story Cup #4

VOD

Have the link to the VOD?

Description

Time

  • Played on: Oct. 22, 2021, 9:26 a.m.
  • Length: 8:25

All games in this series

Show
View Real Time Build Order
Export as new Build Order

Trap Protoss - Winner!

Build Orders: 1 Gate Expand, Mass Adepts 

Get SALT Encoding   

  12  0:00  Probe  
  13  0:13  Pylon  
  13  0:17  Probe (Chrono Boost)  
  14  0:26  Probe (Chrono Boost)  
  15  0:31  Probe (Chrono Boost)  
  16  0:40  Gateway  
  16  0:43  Probe  
  17  0:50  Assimilator  
  17  0:55  Probe  
  18  1:07  Probe  
  19  1:19  Probe  
  19  1:25  Nexus  
  20  1:34  Cybernetics Core  
  20  1:38  Probe  
  21  1:44  Assimilator  
  21  1:50  Probe  
  22  1:54  Pylon  
  22  2:02  Probe (Chrono Boost)  
  23  2:12  Adept  
  23  2:15  Probe (Chrono Boost)  
  26  2:16  Twilight Council  
  26  2:22  Probe (Chrono Boost)  
  27  2:26  Warp Gate  
  27  2:31  Probe (Chrono Boost)  
  28  2:37  Probe (Chrono Boost)  
  28  2:42  Adept  
  32  2:46  Probe (Chrono Boost)  
  32  2:48  Robotics Facility, Probe (Chrono Boost)  
  33  2:53  Probe  
  33  2:58  Probe  
  35  3:01  Resonating Glaives (Chrono Boost)  
  35  3:04  Gateway  
  35  3:10  Probe x2  
  37  3:14  Adept  
  39  3:27  Gateway  
  39  3:28  Gateway  
  39  3:33  Gateway  
  38  3:38  Warp Prism (Chrono Boost)  
  38  3:43  Probe  
  38  3:46  Probe  
  42  3:51  Pylon  
  43  3:55  Probe  
  43  3:58  Probe  
  44  4:04  Assimilator  
  44  4:05  Pylon  
  44  4:08  Observer  
  45  4:15  Adept x2  
  49  4:22  Pylon, Probe x2  
  51  4:31  Adept x3  
  51  4:35  Adept x2  
  61  4:38  Pylon  
  55  5:15  Probe x2  
  55  5:20  Adept x5  
  61  5:21  Immortal (Chrono Boost)  
  65  5:29  Probe x2  
  65  5:33  Pylon, Nexus  
  67  5:41  Adept x4  
  67  5:42  Adept  
  77  5:53  Immortal (Chrono Boost)  
  81  6:02  Probe x2  
  65  6:16  Adept x5  
  75  6:18  Assimilator  
  75  6:20  Pylon  
  75  6:26  Immortal (Chrono Boost)  
  79  6:43  Adept x5  
  83  6:55  Probe x2  
  83  6:57  Probe  
  83  6:59  Shield Battery  
  82  7:02  Shield Battery x2  
  82  7:07  Sentry x3  
  86  7:08  Sentry, Adept  
  86  7:11  Probe x3  
  93  7:22  Forge  
  93  7:32  Stalker x4  
  101  7:37  Stalker  
  101  7:39  Probe x2  
  101  7:40  Probe  
  103  7:56  Stalker x3  
  103  7:57  Stalker  
  107  8:02  Adept  
  107  8:04  Probe x3  
Show
View Real Time Build Order
Export as new Build Order

Serral Zerg 

Build Orders: Hatch First 

Get SALT Encoding   

  12  0:01  Drone  
  13  0:12  Overlord  
  13  0:17  Drone  
  14  0:30  Drone  
  14  0:31  Drone  
  16  0:44  Drone  
  17  0:51  Hatchery  
  17  0:55  Drone  
  17  0:59  Drone  
  18  1:09  Extractor  
  17  1:14  Spawning Pool  
  17  1:17  Drone  
  17  1:20  Drone  
  18  1:28  Drone  
  19  1:38  Drone  
  20  1:48  Overlord  
  20  2:01  Queen  
  20  2:02  Queen  
  20  2:03  Zergling x4  
  26  2:11  Drone  
  26  2:14  Drone  
  28  2:15  Metabolic Boost  
  28  2:21  Drone  
  29  2:25  Drone  
  30  2:38  Queen  
  32  2:44  Hatchery  
  32  2:46  Drone  
  32  2:48  Drone  
  33  2:51  Overlord  
  33  2:54  Drone  
  33  2:56  Drone  
  35  2:58  Drone  
  35  3:03  Overlord  
  36  3:09  Queen  
  36  3:12  Drone x2  
  40  3:14  Drone  
  40  3:17  Drone  
  42  3:20  Drone x2  
  42  3:24  Drone  
  42  3:26  Overlord  
  45  3:31  Queen  
  45  3:34  Zergling x2  
  48  3:36  Zergling x2  
  48  3:38  Zergling x2  
  48  3:41  Drone  
  51  3:45  Drone  
  51  3:48  Overlord x2  
  52  3:54  Spore Crawler  
  50  3:57  Spore Crawler  
  50  3:59  Drone x3  
  50  4:00  Drone x2  
  54  4:05  Drone x2  
  54  4:07  Drone  
  57  4:12  Zergling x2  
  58  4:18  Zergling x2  
  58  4:20  Drone x6  
  65  4:25  Queen  
  65  4:26  Zergling x2  
  67  4:31  Roach Warren  
  67  4:32  Zergling x4  
  67  4:36  Zergling x2  
  69  4:40  Zergling x2, Spine Crawler  
  69  4:47  Zergling x2  
  69  4:48  Zergling x12  
  71  4:53  Zergling x2  
  71  4:54  Zergling x6  
  71  4:58  Zergling x2  
  69  5:01  Queen x2  
  72  5:07  Zergling x4  
  70  5:15  Roach  
  70  5:16  Roach x2  
  70  5:20  Roach  
  73  5:22  Roach  
  73  5:23  Queen, Extractor  
  73  5:27  Roach  
  78  5:29  Spore Crawler  
  78  5:30  Drone  
  78  5:33  Roach  
  80  5:43  Overlord x2  
  80  5:44  Queen  
  78  6:02  Zergling x16  
  75  6:07  Drone  
  75  6:08  Drone x2  
  75  6:09  Drone x3  
  75  6:10  Drone  
  76  6:13  Drone  
  76  6:14  Drone  
  76  6:17  Drone  
  79  6:22  Lair  
  79  6:26  Roach x2  
  79  6:32  Roach  
  82  6:44  Drone  
  82  6:45  Drone x8  
  90  6:49  Extractor x2  
  90  6:50  Drone  
  90  6:51  Drone x4  
  88  6:57  Drone  
  87  7:06  Roach x3  
  92  7:14  Roach  
  92  7:15  Roach  
  96  7:16  Extractor  
  95  7:27  Overlord x2  
  95  7:28  Evolution Chamber  
  93  7:33  Zergling x12, Spine Crawler  
  93  7:35  Overlord  
  96  7:37  Ravager x2  
  96  7:41  Overlord  
  97  7:46  Ravager  
  97  7:47  Ravager x2  
  100  7:53  Roach  
  100  7:54  Roach x4, Zergling x10  
  100  7:58  Roach, Zergling x2  
  101  8:03  Ravager  
  101  8:04  Roach, Zergling x2  
  98  8:06  Roach  
  82  8:23  Ravager  
Tags
 
Add a new tag
Caveats
  • Supply blocks, unpowered buildings, or Contaminate may cause inaccurate times.
  • Supply counts are checked every 10 seconds.